 Dungeon Crawl Stone Soup version 0.23-a0-451-g1044d4cbad (webtiles) character file.

10551 Tamron the Geomancer (level 11, -3/66 HPs)
             Began as a Gargoyle Earth Elementalist on Nov 22, 2018.
             Was a Believer of Vehumet.
             Slain by an eight-headed hydra (4 damage)
             ... on level 11 of the Dungeon.
             The game lasted 00:39:52 (13121 turns).

Tamron the Geomancer (Gargoyle Earth Elementalist) Turns: 13121, Time: 00:39:52

Health: -3/66      AC: 25    Str: 11    XL:     11   Next: 63%
Magic:  13/22      EV: 13    Int: 20    God:    Vehumet [**....]
Gold:   1551       SH:  0    Dex:  8    Spells: 15/24 levels left

rFire    . . .     SeeInvis .   j - +7 mace (protect)
rCold    . . .     Gourm    .   (no shield)
rNeg     + . .     Faith    .   c - +0 robe
rPois    ∞         Spirit   .   k - +1 helmet
rElec    +         Reflect  .   (no cloak)
rCorr    .         Harm     .   (no gloves)
MR       .....                  f - +2 pair of boots
Stlth    ++........             u - amulet of magic regeneration
HPRegen  0.21/turn              (no ring)
MPRegen  0.43/turn              (no ring)

@: protection aura
A: molten scales 1, clumsy 1, negative energy resistance 1, electricity
resistance, unbreathing, petrification resistance, rot immunity, AC +8
a: Renounce Religion


You were on level 11 of the Dungeon.
You worshipped Vehumet.
Vehumet was pleased with you.
You were not hungry.

You visited 2 branches of the dungeon, and saw 13 of its levels.
You also visited: Sewer.

You collected 1895 gold pieces.
You spent 344 gold pieces at shops.

Inventory:

Hand Weapons
 j - a +7 mace of protection (weapon)
 z - a +0 morningstar
Missiles
 b - 200 stones (quivered)
Armour
 c - a +0 robe (worn)
 f - a +2 pair of boots (worn)
 k - a +1 helmet (worn)
Magical Staves
 h - an uncursed staff of power
 m - an uncursed staff of wizardry
Jewellery
 u - an amulet of magic regeneration (around neck)
Wands
 d - a wand of paralysis (8)
 x - a wand of disintegration (10)
 y - a wand of flame (18)
Scrolls
 e - 6 scrolls of teleportation
 o - 3 scrolls of remove curse
 p - 2 scrolls of fear
 t - 3 scrolls of amnesia
 A - a scroll of identify
Potions
 a - 7 potions of heal wounds
 g - 3 potions of flight
 i - 4 potions of brilliance
 l - 4 potions of curing
 q - a potion of haste
 r - 2 potions of resistance
 s - 2 potions of might
 v - 3 potions of agility
 w - 2 potions of ambrosia
Comestibles
 n - 25 rations


   Skills:
 + Level 6.4 Fighting
 + Level 5.8 Maces & Flails
 + Level 6.5 Armour
 + Level 5.1 Dodging
 - Level 2.1 Stealth
 + Level 7.4 Spellcasting
 + Level 7.9 Conjurations
   Level 0.7 Transmutations
 + Level 9.9 Earth Magic
 + Level 2.5 Evocations


You had 15 spell levels left.
You knew the following spells:

 Your Spells              Type           Power        Failure   Level  Hunger
a - Sandblast             Erth           #####.       1%          1    None
b - Stone Arrow           Conj/Erth      #####.       1%          3    #......
c - Lee's Rapid Deconstr  Erth           #####.....   4%          5    #####..

Your spell library contained the following spells:

 Spells                   Type           Power        Failure   Level  Hunger
 Flame Tongue             Conj/Fire      ###..        1%          1    None
 Magic Dart               Conj           ####         1%          1    None
 Sting                    Conj/Pois      ###.         1%          1    None
 Passwall                 Tmut/Erth      ####....     1%          2    None
 Conjure Flame            Conj/Fire      ###.....     5%          3    #......
 Beastly Appendage        Tmut           ##....       7%          1    None
 Infusion                 Chrm           #...         9%          1    None
 Mephitic Cloud           Conj/Pois/Air  ###.....     9%          3    #......
 Sticks to Snakes         Tmut           ##......     10%         2    None
 Petrify                  Tmut/Erth      ####....     10%         4    ###....
 Blink                    Tloc           N/A          14%         2    None
 Call Imp                 Summ           #.......     14%         2    None
 Poisonous Vapours        Pois/Air       #.....       14%         2    None
 Shroud of Golubria       Chrm/Tloc      #.........   14%         2    None
 Slow                     Hex            #.......     14%         2    None
 Song of Slaying          Chrm           #.......     14%         2    None
 Swiftness                Chrm/Air       #.......     14%         2    None
 Spider Form              Tmut/Pois      #.........   24%         3    #......
 Regeneration             Chrm/Necr      #.........   26%         3    #......
 Spectral Weapon          Hex/Chrm       #.......     26%         3    #......
 Venom Bolt               Conj/Pois      ###.......   43%         5    #####..
 Ice Form                 Ice/Tmut       #.......     61%         4    ###....
 Olgreb's Toxic Radiance  Pois           #.......     65%         4    ###....
 Passage of Golubria      Tloc           N/A          65%         4    ###....
 Blade Hands              Tmut           ##........   88%         5    #####..
 Darkness                 Hex            #.........   100%        6    ######.
 Invisibility             Hex            #.......     100%        6    ######.


Dungeon Overview and Level Annotations

Branches:
Dungeon (12/15)            Temple (1/1) D:6            Lair (0/6) D:8
    Orc: D:9-12

Altars:
Ashenzari
Cheibriados
Dithmenos
Elyvilon
Fedhas
Gozag
Hepliaklqana
Kikubaaqudgha
Makhleb
Nemelex Xobeh
Okawaru
Qazlal
Ru
Sif Muna
Trog
Uskayaw
Vehumet
Wu Jian
Xom
Yredelemnul
Zin
The Shining One

Shops:
D:4 !}   D:5 !   D:6 *=   D:7 %   D:8 !


Innate Abilities, Weirdness & Mutations

You are resistant to torment.
Your stone body is resilient. (AC +8)
You are immune to poison.
You resist negative energy. (rN+)
You are resistant to electric shocks. (rElec)
You can survive without breathing.
You are immune to petrification.
You are immune to rotting.
You are partially covered in molten scales. (AC +2)
You are clumsy. (Dex -2)


Message History

The eight-headed hydra closely misses you.
The eight-headed hydra bites you!
* * * LOW HITPOINT WARNING * * *
The eight-headed hydra bites you but does no damage. x4
The eight-headed hydra barely misses you.
Casting: Sandblast (safe; 1% risk of failure)
Confirm with . or Enter, or press ? or * to list all spells.
Aiming: Stone Arrow (safe; 1% risk of failure)
Press: ? - help, Shift-Dir - straight line, f/p - eight-headed hydra
Aim: an eight-headed hydra (severely wounded)
The stone arrow hits the eight-headed hydra.
The eight-headed hydra is severely wounded.
The eight-headed hydra bites you but does no damage. x2
The eight-headed hydra bites you.
* * * LOW HITPOINT WARNING * * *
The eight-headed hydra misses you. The eight-headed hydra bites you.
* * * LOW HITPOINT WARNING * * *
The eight-headed hydra bites you but does no damage. x2
The eight-headed hydra bites you.
You die...

##. ...
.. #.#
#. #.#
#.###.#
#....?##
#.....<#
##.#####
#D# #@#
#...#
#####


You could see an eight-headed hydra.

Vanquished Creatures
  4 two-headed ogres
  An unseen horror (D:11)
  2 rust devils (D:10)
  A gargoyle (D:10)
  A komodo dragon (D:8)
  Prince Ribbit (D:5)
  2 trolls
  2 hippogriffs
  3 yaks (D:10)
  Duvessa (D:5)
  A black bear (D:8)
  4 orc warriors
  4 sky beasts
  4 ice beasts
  A phantom (D:4)
  3 ogres
  7 centaurs
  A crocodile (D:12)
  2 big kobolds
  2 bullfrogs
  A wyvern zombie (D:12)
  Dowan (D:5)
  4 scorpions
  A howler monkey (D:4)
  5 wights (D:10)
  4 crimson imps
  2 bullfrog zombies
  A quasit (D:10)
  10 hounds
  5 orc priests
  A bullfrog skeleton (D:10)
  9 orc wizards
  2 centaur skeletons
  7 iguanas
  2 worker ants (D:4)
  2 hound skeletons
  2 hound zombies
  Robin (D:2)
  A howler monkey skeleton (D:7)
  13 gnolls
  14 adders
  4 shadow imps
  5 oozes (Sewer)
  2 adder skeletons
  3 adder zombies (D:5)
  7 worms
  3 dart slugs (D:1)
  8 leopard geckos
  34 orcs
  5 ball pythons
  15 giant cockroaches
  6 goblins
  12 hobgoblins
  22 jackals
  6 quokkas
  16 bats
  3 frilled lizards
  13 kobolds
  A leopard gecko skeleton (D:7)
  A leopard gecko zombie (D:5)
  A quokka skeleton (D:7)
  12 rats
314 creatures vanquished.

Vanquished Creatures (others)
  2 plants (D:8)
2 creatures vanquished.

Grand Total: 316 creatures vanquished

Notes
Turn   | Place    | Note
-------+----------+-------------------------------------------
     0 | D:1      | Tamron the Gargoyle Earth Elementalist began the quest for
                  | the Orb.
     0 | D:1      | Reached XP level 1. HP: 10/10 MP: 3/3
    96 | D:1      | Reached skill level 4 in Earth Magic
    96 | D:1      | Reached XP level 2. HP: 2/15 MP: 0/5
   834 | D:1      | Reached XP level 3. HP: 19/19 MP: 1/6
   839 | D:1      | Learned a level 3 spell: Stone Arrow
  1491 | D:2      | Noticed Robin
  1731 | D:2      | Killed Robin
  1731 | D:2      | Reached skill level 1 in Conjurations
  2012 | D:2      | Reached XP level 4. HP: 24/24 MP: 8/8
  2186 | D:2      | Found a deep blue altar of Sif Muna.
  2410 | D:3      | Gained mutation: You are clumsy. (Dex -2) [potion of
                  | mutation]
  2410 | D:3      | Gained mutation: You are partially covered in molten
                  | scales. (AC +2) [potion of mutation]
  2457 | D:3      | Found a glowing drain.
  2464 | Sewer    | Entered a sewer
  2978 | Sewer    | Reached skill level 5 in Earth Magic
  2980 | Sewer    | Reached XP level 5. HP: 28/28 MP: 9/9
  2993 | Sewer    | Learned a level 5 spell: Lee's Rapid Deconstruction
  3807 | D:3      | Found a blossoming altar of Fedhas.
  3807 | D:3      | Found a glowing silver altar of Zin.
  4366 | D:4      | Reached XP level 6. HP: 17/32 MP: 11/11
  4404 | D:4      | Noticed a phantom
  4416 | D:4      | Killed a phantom
  4416 | D:4      | Reached skill level 6 in Earth Magic
  4445 | D:4      | Found Donnyacu's Gadget Shop.
  4450 | D:4      | Reached XP level 7. HP: 17/36 MP: 4/13
  5404 | D:4      | Reached skill level 7 in Earth Magic
  5431 | D:4      | Found Voqoduen's Distillery.
  5438 | D:4      | Reached XP level 8. HP: 42/42 MP: 15/15
  5443 | D:4      | Bought a potion of heal wounds for 50 gold pieces
  5443 | D:4      | Bought a potion of curing for 30 gold pieces
  5443 | D:4      | Bought a potion of heal wounds for 50 gold pieces
  5641 | D:5      | Entered Level 5 of the Dungeon
  5661 | D:5      | Reached skill level 1 in Fighting
  5661 | D:5      | Reached skill level 1 in Armour
  5661 | D:5      | Reached skill level 5 in Spellcasting
  5664 | D:5      | Reached skill level 1 in Maces & Flails
  5835 | D:5      | Reached skill level 5 in Conjurations
  5920 | D:5      | Noticed Dowan
  5920 | D:5      | Noticed Prince Ribbit
  5923 | D:5      | Noticed Duvessa
  5943 | D:5      | Killed Duvessa
  5953 | D:5      | Killed Dowan
  6078 | D:5      | Found Sommatie's Distillery.
  6094 | D:5      | Bought a potion of heal wounds for 60 gold pieces
  6153 | D:5      | Killed Prince Ribbit
  6707 | D:5      | Reached XP level 9. HP: 39/49 MP: 17/17
  7575 | D:6      | Noticed a troll
  7647 | D:6      | Found Doihe's Jewellery Shop.
  7676 | D:6      | Found an opulent altar of Gozag.
  7676 | D:6      | Found Gozag's Platinum Reserve.
  7881 | D:6      | Found a staircase to the Ecumenical Temple.
  7911 | Temple   | Entered the Ecumenical Temple
  8051 | Temple   | Became a worshipper of Vehumet
  8153 | D:6      | Reached skill level 8 in Earth Magic
  8271 | D:7      | Killed a troll
  8579 | D:7      | Found Simmaes's Food Emporium.
  8872 | D:7      | Found a burning altar of Makhleb.
  8964 | D:7      | Reached * piety under Vehumet
  8964 | D:7      | Offered knowledge of Sting by Vehumet.
  8973 | D:7      | Found a sparkling altar of Nemelex Xobeh.
  8977 | D:7      | Found a shadowy altar of Dithmenos.
  9213 | D:8      | Reached XP level 10. HP: 56/57 MP: 19/19
  9377 | D:8      | Found Cepheono's Distillery.
  9380 | D:8      | Bought a potion of haste for 110 gold pieces
  9380 | D:8      | Bought a potion of might for 44 gold pieces
  9509 | D:8      | Found a sacrificial altar of Ru.
  9577 | D:8      | Found a staircase to the Lair.
  9675 | D:8      | Identified a scroll of acquirement
  9757 | D:8      | Noticed a two-headed ogre
  9765 | D:8      | Killed a two-headed ogre
  9765 | D:8      | Reached skill level 5 in Fighting
  9765 | D:8      | Reached skill level 5 in Armour
  9781 | D:8      | Reached skill level 9 in Earth Magic
  9936 | D:8      | Found a hazy altar of Hepliaklqana.
 10487 | D:9      | Noticed a two-headed ogre
 10488 | D:9      | Found a shadowy altar of Dithmenos.
 10498 | D:9      | Killed a two-headed ogre
 10535 | D:9      | Found an ancient bone altar of Kikubaaqudgha.
 10831 | D:9      | Reached skill level 5 in Maces & Flails
 10988 | D:10     | Entered Level 10 of the Dungeon
 11028 | D:10     | Offered knowledge of Flame Tongue by Vehumet.
 11047 | D:10     | Reached ** piety under Vehumet
 11255 | D:10     | Noticed a two-headed ogre
 11263 | D:10     | Killed a two-headed ogre
 11263 | D:10     | Reached skill level 1 in Evocations
 11263 | D:10     | Reached XP level 11. HP: 57/64 MP: 16/21
 11345 | D:10     | Noticed a two-headed ogre
 11348 | D:10     | Killed a two-headed ogre
 12114 | D:10     | Reached skill level 5 in Dodging
 12555 | D:10     | You fall through a shaft for 2 floors!
 13104 | D:11     | Noticed an eight-headed hydra
 13118 | D:11     | Killed an unseen horror
 13121 | D:11     | HP: 1/66 [eight-headed hydra (4)]
 13121 | D:11     | Slain by an eight-headed hydra

Vault maps used:
D:1:      wander_arrival_estate
D:2:      led_sif_pool, uniq_robin
D:3:      cheibrodos_helix_gallery, gammafunk_temple_overflow_pools,
          portal_sewer_entry_e
D:4:      wad_lake_hut, serial_shops, shop_statue, nicolae_shop_crystal,
          first_ration
D:5:      wander_river, serial_shops, shop_fountains, minmay_misc_feat_enclosed,
          uniq_duvessa, uniq_prince_ribbit1
D:6:      minmay_temple_entry_enclosed_plants, serial_shops, shop,
          chequers_serial_rivers_large_a, nicolae_gozag_zags_fifth_avenue
D:7:      nicolae_overflow_crystal_walls, minitemple, serial_shops,
          kennysheep_mini_moat
D:8:      lemuel_ice_spiral_2, lemuel_crystal_altar, lemuel_doored_altar,
          david_lair_shrubbed, serial_shops, kennysheep_mini,
          blue_anna_alchemist
D:9:      cheibrodos_iron_armory, kiku_gazebo_garden_becter,
          grunt_dithmenos_smoke
D:10:     hangedman_abyss_or_decor_clamps, kennysheep_boxes
D:11:     serial_shops, shop_statue
D:12:     minmay_orc_entry_temple_small, basic_altar, dk_noncrumbling_4,
          minivault_24
Temple:   dshaligram_water_room_temple
Sewer:    sewer_fruit_machine

Skill      XL: |  1  2  3  4  5  6  7  8  9 10 11 |
---------------+----------------------------------+-----
Earth Magic    | 4 5 6 7 8 9 |  9.9
Conjurations   | 1 2 3 4 5 6 7 |  7.9
Spellcasting   | 3 4 5 6 7 |  7.4
Fighting       | 2 4 5 6 |  6.4
Armour         | 2 4 5 6 |  6.5
Maces & Flails | 2 3 5 |  5.8
Dodging        | 2 3 4 5 |  5.1
Evocations     | 1 2 |  2.5
Stealth        | |  2.1
Transmutations | |  0.7

Action                   |  1- 3 |  4- 6 |  7- 9 | 10-12 || total
-------------------------+-------+-------+-------+-------++-------
Melee: Unarmed           |     8 |       |       |       ||     8
       Club              |    82 |       |       |       ||    82
       Mace              |     4 |   213 |   370 |   267 ||   854
 Cast: Sandblast         |    38 |    17 |    75 |    64 ||   194
       Lee's Rapid Decon |       |       |     4 |    10 ||    14
       Stone Arrow       |       |       |     1 |     9 ||    10
  Use: Scroll            |       |    15 |     4 |     6 ||    25
       Potion            |       |     5 |     3 |       ||     8
 Stab: Sleeping          |     2 |     3 |     2 |     2 ||     9
       Invisible         |       |     3 |     1 |       ||     4
       Distracted        |       |       |     1 |       ||     1
  Eat: Chunk             |     1 |     8 |    17 |    16 ||    42
       Ration            |     1 |       |       |       ||     1
Armor: Robe              |    25 |   194 |   278 |   181 ||   678
Dodge: Dodged            |    91 |   295 |   378 |   275 ||  1039

Table legend:
 A = Non-vault XP
 B = Vault XP
 C = Vault XP percentage of total XP
 D = Non-vault monster count
 E = Vault monster count
 F = Vault count percentage of total count
                 A         B        C        D         E       F
            +---------+---------+-------+---------+---------+-------
      Total |   12768 |    2305 |  15.3 |     261 |      53 |  16.9
            +---------+---------+-------+---------+---------+-------
        D:1 |      48 |       0 |   0.0 |      26 |       0 |   0.0
        D:2 |       6 |      31 |  83.8 |       4 |       9 |  69.2
        D:3 |      71 |      41 |  36.6 |      29 |      10 |  25.6
        D:4 |     925 |       0 |   0.0 |      37 |       0 |   0.0
        D:5 |    1120 |     517 |  31.6 |      32 |       3 |   8.6
        D:6 |     351 |       0 |   0.0 |      20 |       0 |   0.0
        D:7 |    1402 |       0 |   0.0 |      29 |       0 |   0.0
        D:8 |    2003 |     447 |  18.2 |      23 |       2 |   8.0
        D:9 |    1617 |       0 |   0.0 |      15 |       0 |   0.0
       D:10 |    4120 |    1192 |  22.4 |      34 |       4 |  10.5
       D:11 |     754 |       0 |   0.0 |       1 |       0 |   0.0
       D:12 |     351 |       0 |   0.0 |      11 |       0 |   0.0
      Sewer |       0 |      77 | 100.0 |       0 |      25 | 100.0
            +---------+---------+-------+---------+---------+-------
